 Dungeon Crawl Stone Soup version 0.29.1-12-g30fa7ad0bf (webtiles) character file.

Game seed: 1343909568413859931

94 Peloso the Trooper (level 4, 0/41 HPs)
             Began as a Minotaur Fighter on Dec 26, 2022.
             Succumbed to an adder's poison
             ... on level 3 of the Dungeon.
             The game lasted 00:03:54 (2076 turns).

Peloso the Trooper (Minotaur Fighter)               Turns: 2076, Time: 00:03:54

Health: 0/41       AC:  9    Str: 18 (21) XL:     4   Next: 38%
Magic:  3/3        EV:  7    Int:  4 (5)  God:
Gold:   139        SH:  4    Dex:  9 (11) Spells: 3/3 levels left

rFire   . . .      SeeInvis .   a - +0 long sword
rCold   . . .      Faith    .   d - +0 buckler
rNeg    . . .      Spirit   .   m - +0 chain mail
rPois   .          Reflect  .   (helmet restricted)
rElec   .          Harm     .   (no cloak)
rCorr   .          Rampage  .   (no gloves)
Will    .....                   (no boots)
Stlth   ..........              (no amulet)
HPRegen 0.13/turn               f - +4 ring of slaying
MPRegen 0.08/turn               (no ring)

@: lethally poisoned (0 -> -1), attractive
A: horns 2, retaliatory headbutt
a: no special abilities


You were on level 3 of the Dungeon.
You visited 1 branch of the dungeon, and saw 3 of its levels.

You collected 139 gold pieces.

Inventory:

Hand Weapons
 a - a +0 long sword (weapon)
 c - the +6 hand axe of Causality {holy, Str+5 Dex+3}
   (You found it on level 2 of the Dungeon)

   It has been blessed by the Shining One to cause great damage to the undead
   and demons.
   Str:       It affects your strength (+5).
   Dex:       It affects your dexterity (+3).
Armour
 b - a +0 scale mail
 d - a +0 buckler (worn)
 m - a +0 chain mail (worn)
Jewellery
 f - a +4 ring of slaying (left hand)
 j - a ring of resist corrosion
Wands
 g - a wand of paralysis (3)
Scrolls
 i - a scroll of noise
 k - a scroll of fear
Potions
 e - a potion of might
 h - a potion of magic
 l - a potion of degeneration


   Skills:
 + Level 4.4 Fighting
 + Level 3.9 Long Blades
 + Level 4.2 Armour
 + Level 0.4 Dodging
 + Level 0.5 Stealth
 + Level 4.0 Shields


You had 3 spell levels left.
You didn't know any spells.
Your spell library was empty.

Dungeon Overview and Level Annotations

Branches:
Dungeon (3/15)

Altars:


Innate Abilities, Weirdness & Mutations

You have a pair of horns on your head.
You reflexively headbutt those who attack you in melee.


Message History

a +2 spectral club; a +0 chain mail
m - a +0 chain mail You start removing your armour.
You continue taking off your +0 scale mail. x4
You finish taking off your +0 scale mail.
You start putting on your armour.
You continue putting on your +0 chain mail. x5
You finish putting on your +0 chain mail.
Found a stone staircase leading down.
Found a scroll labelled OTSUAS QENI.
Found a stone staircase leading up.
n - an inky potion An adder comes into view.
The adder moves out of view.
The adder hisses angrily.
Found a plate armour.
The adder bites you but does no damage. The adder bites you.
* * * LOW HITPOINT WARNING * * *
You are lethally poisoned!
The adder poisons you!
You barely miss the adder. You headbutt the adder!
You kill the adder!
* * * LOW HITPOINT WARNING * * *
You feel sick.
* * * LOW HITPOINT WARNING * * *
You feel sick.
It was a potion of degeneration.
There was something very wrong with that liquid.
You feel weakened.
You feel dopey.
You feel clumsy.
* * * LOW HITPOINT WARNING * * *
You feel sick.
It was a potion of attraction.
You feel attractive to monsters.
* * * LOW HITPOINT WARNING * * *
You feel sick.
Okay, then.
* * * LOW HITPOINT WARNING * * *
You feel sick.
You die...

## .# .# # .# ### #.
.###.# ..###.#
#.#####....#
#.....###....#..# .#
..####...#......##[####
....## #.............###
.....## #.#..##....>.....
..[)..###.#..##.@.....###
.......##)#..##.......#
..........#..##<......#
....>..####.........?.#
......## #.###..####.#
.....## #..# ... #...##
#..# ### ##### #...


There were no monsters in sight!

Vanquished Creatures
  Ijyb (D:3)
  A gnoll (D:1)
  An adder (D:3)
  2 dart slugs (D:2)
  4 endoplasms
  5 giant cockroaches
  6 goblins
  2 hobgoblins (D:1)
  3 jackals (D:1)
  5 kobolds
  4 quokkas
  3 ball pythons (D:1)
  3 frilled lizards (D:1)
  A rat (D:2)
41 creatures vanquished.

Notes
Turn   | Place    | Note
-------+----------+-------------------------------------------
     0 | D:1      | Peloso the Minotaur Fighter began the quest for the Orb.
     0 | D:1      | Reached XP level 1. HP: 19/19 MP: 0/0
    51 | D:1      | Found a faded altar of an unknown god.
   188 | D:1      | Reached XP level 2. HP: 25/27 MP: 1/1
  1124 | D:1      | Reached XP level 3. HP: 33/33 MP: 2/2
  1313 | D:2      | Identified the +6 hand axe of Causality {holy, Str+5 Dex+3}
  2014 | D:3      | Noticed Ijyb
  2018 | D:3      | Paralysed by Ijyb for 4 turns
  2029 | D:3      | Paralysed by Ijyb for 4 turns
  2036 | D:3      | Killed Ijyb
  2037 | D:3      | Reached XP level 4. HP: 3/41 MP: 3/3
  2073 | D:3      | HP: 2/41 [poisoned by an adder]
  2076 | D:3      | Succumbed to an adder's poison

Illustrated notes

Levels and vault maps discovered:
D:1:      saegor_arrival_simple_e, layout_basic,
          hellmonk_ecumenical_altar_leap_of_faith, st_stairs_7
D:2:      layout_loops_ring
D:3:      layout_loops_ring, cheibrodos_sewer_entry_bend, uniq_ijyb,
          uniq_crazy_yiuf_cottage

Skill      XL: |  1  2  3 |
---------------+----------+-----
Fighting       | 4 |  4.4
Long Blades    | 3 |  3.9
Armour         | 4 |  4.2
Shields        | 4 |  4.0
Dodging        | |  0.4
Stealth        | |  0.5

Action                   |  1- 3 |  4- 6 || total
-------------------------+-------+-------++-------
Melee: Long sword        |   102 |     1 ||   103
       Headbutt          |    13 |     1 ||    14
  Use: Scroll            |     6 |       ||     6
       Potion            |       |     2 ||     2
Armor: Scale mail        |    35 |       ||    35
       Chain mail        |       |     1 ||     1
Dodge: Dodged            |    36 |       ||    36
Block: Buckler           |    16 |       ||    16
